Map: Newkirk Precinct TE (Void)

Players

luckyluciano - Winner!

  • Race: Terran Terran
  • League: Diamond
  • Spawn Location: 5:00

Musumeci

  • Race: Zerg Zerg
  • League: Diamond
  • Spawn Location: 7:00

VOD

Have the link to the VOD?

Description

Time

  • Played on: Jan. 28, 2017, 1:53 p.m.
  • Length: 12:13
Show
View Real Time Build Order
Export as new Build Order

luckyluciano Terran - Winner!

Build Orders:  

Get SALT Encoding   

  12  0:02  SCV  
  13  0:14  SCV  
  13  0:19  Supply Depot  
  14  0:26  SCV  
  15  0:40  SCV  
  15  0:41  Barracks  
  16  0:52  SCV  
  17  1:04  SCV  
  18  1:16  SCV  
  19  1:22  Command Center  
  19  1:29  SCV  
  19  1:32  Supply Depot  
  20  1:34  Marine  
  21  1:44  Orbital Command  
  21  2:00  Refinery  
  21  2:02  Marine  
  22  2:10  SCV  
  22  2:15  Refinery  
  23  2:22  SCV  
  24  2:31  Marine  
  24  2:34  SCV  
  27  2:48  Orbital Command, Marine  
  27  2:55  SCV, Barracks  
  28  3:01  Barracks  
  28  3:06  Marine  
  28  3:07  SCV  
  30  3:15  Factory  
  30  3:19  SCV x2  
  32  3:24  Marine  
  33  3:28  Engineering Bay  
  33  3:31  SCV  
  33  3:32  SCV  
  35  3:42  Marine, Supply Depot  
  35  3:43  SCV  
  35  3:44  SCV  
  38  3:48  Barracks Tech Lab  
  38  3:51  Barracks Reactor  
  38  3:55  SCV  
  38  3:56  SCV  
  40  4:06  Widow Mine  
  40  4:08  Starport  
  42  4:13  Stimpack  
  42  4:14  Marine  
  42  4:15  Marine  
  42  4:16  SCV  
  45  4:18  Refinery  
  45  4:20  Bunker, SCV  
  45  4:21  Terran Infantry Weapons Level 1  
  46  4:24  Engineering Bay  
  46  4:28  SCV  
  46  4:30  Armory  
  47  4:32  SCV, Marine  
  47  4:36  Factory Tech Lab  
  47  4:38  Marine x2  
  49  4:39  Marine  
  49  4:40  SCV  
  49  4:44  SCV  
  54  4:45  Refinery  
  54  4:55  Supply Depot  
  54  4:57  Supply Depot  
  54  4:59  Starport Reactor  
  54  5:16  Marine x4  
  54  5:17  SCV x2  
  60  5:21  Supply Depot  
  60  5:29  SCV x2  
  60  5:34  Marine x4  
  60  5:35  Siege Tank  
  69  5:41  SCV  
  70  5:43  SCV, Medivac x2  
  70  5:45  Supply Depot  
  75  5:52  Marine x3  
  78  6:01  Supply Depot  
  78  6:06  SCV x2, Marine  
  78  6:10  Marine x3, Command Center  
  84  6:13  Medivac  
  84  6:16  Terran Infantry Weapons Level 2  
  84  6:17  Terran Infantry Armor Level 1  
  86  6:22  SCV x2  
  86  6:24  Marine  
  86  6:25  Medivac  
  91  6:31  Supply Depot  
  88  6:34  SCV x2  
  90  6:43  Medivac  
  92  6:49  Marine  
  92  6:50  Marine  
  92  6:52  Marine x2  
  92  6:53  Siege Tank  
  99  7:07  Marine  
  99  7:08  Marine  
  101  7:10  Marine  
  102  7:16  Marine  
  99  7:24  Orbital Command, Marine  
  99  7:25  Siege Tank  
  99  7:26  Marine  
  99  7:28  Marine  
  105  7:34  Marine  
  106  7:42  Marine  
  106  7:43  Marine  
  105  7:45  Marine  
  105  7:46  SCV  
  107  7:51  Barracks, Marine  
  107  7:54  Barracks  
  107  7:57  Siege Tank  
  111  8:00  Marine  
  111  8:01  Marine  
  111  8:03  Marine  
  111  8:09  Marine  
  102  8:18  Marine  
  102  8:19  Marine  
  100  8:21  Marine  
  101  8:27  Marine  
  101  8:29  Siege Tank  
  103  8:36  Marine  
  103  8:37  Marine  
  103  8:39  Marine  
  99  8:45  Marine  
  99  8:54  Marine  
  99  8:55  Marine  
  95  8:56  Barracks Reactor x2  
  95  8:57  SCV, Marine  
  95  8:58  SCV x2  
  95  9:01  Siege Tank  
  95  9:02  Terran Infantry Weapons Level 3, Terran Infantry Armor Level 2  
  102  9:03  Marine  
  102  9:05  Supply Depot  
  102  9:07  Supply Depot  
  102  9:09  SCV  
  104  9:10  SCV x2  
  104  9:11  Marine  
  104  9:12  Marine  
  104  9:15  Marine  
  109  9:21  SCV, Marine  
  109  9:22  SCV x2  
  113  9:28  Supply Depot x2  
  113  9:29  Marine, Supply Depot  
  113  9:30  Marine  
  113  9:31  Supply Depot  
  111  9:32  Marine, Command Center, Supply Depot  
  111  9:33  Marine x2, Siege Tank  
  111  9:34  SCV  
  118  9:38  Marine  
  118  9:41  Marine x2  
  112  9:47  Marine  
  112  9:48  Marine  
  112  9:50  Marine  
  112  9:51  Marine x2  
  114  9:55  Medivac x2  
  114  9:56  Marine  
  114  9:58  Marine  
  114  9:59  Marine  
  120  10:05  Marine  
  120  10:06  Marine  
  118  10:12  Marine  
  118  10:13  Marine x2  
  114  10:14  Marine, Siege Tank  
  114  10:16  Marine x2  
  115  10:23  Marine  
  115  10:24  Marine  
  115  10:25  Medivac  
  115  10:27  SCV  
  115  10:28  SCV  
  120  10:30  Refinery, Marine x2  
  120  10:31  Marine  
  120  10:32  Refinery, Marine  
  120  10:34  Marine x2  
  124  10:40  Marine  
  124  10:41  Starport  
  124  10:42  Factory  
  125  10:46  Planetary Fortress, Barracks  
  125  10:47  Refinery, Siege Tank  
  128  10:52  Marine x2  
  128  10:53  Marine  
  128  10:55  Marine x2  
  128  10:56  Marine  
  134  10:58  Marine x2  
  134  11:00  Medivac x2  
  140  11:04  SCV  
  140  11:05  SCV x2  
  140  11:10  Marine x3, Supply Depot  
  146  11:12  Supply Depot  
  146  11:13  Marine x3  
  146  11:16  SCV, Marine x2  
  146  11:17  SCV x2  
  154  11:19  Siege Tank  
  157  11:28  SCV, Marine x3  
  157  11:29  SCV x2  
  157  11:30  Medivac x2  
  157  11:31  Marine x3  
  167  11:40  Marine  
Show
View Real Time Build Order
Export as new Build Order

Musumeci Zerg 

Build Orders: Hatch First 

Get SALT Encoding   

  12  0:05  Drone  
  13  0:09  Drone  
  14  0:16  Extractor  
  14  0:17  Drone  
  15  0:40  Hatchery  
  14  0:58  Spawning Pool  
  13  1:07  Drone, Extractor  
  13  1:09  Drone, Extractor  
  13  1:17  Drone  
  14  1:22  Overlord  
  16  1:42  Drone x2  
  16  1:44  Queen  
  20  1:52  Queen  
  22  2:03  Overlord  
  22  2:05  Drone  
  22  2:06  Drone  
  24  2:08  Drone  
  24  2:11  Drone  
  26  2:18  Drone  
  27  2:24  Queen  
  27  2:29  Drone, Extractor  
  29  2:32  Drone  
  30  2:40  Queen  
  32  2:56  Drone  
  32  2:57  Overlord  
  33  3:06  Drone x3  
  33  3:12  Hatchery  
  35  3:16  Drone x4  
  39  3:23  Extractor  
  39  3:25  Extractor  
  37  3:28  Roach Warren  
  36  3:42  Drone x3  
  36  3:43  Drone  
  36  3:44  Drone x3  
  43  3:59  Overlord x2  
  43  4:02  Evolution Chamber  
  42  4:03  Evolution Chamber  
  41  4:11  Overlord  
  41  4:13  Overlord  
  43  4:17  Roach  
  43  4:19  Roach x3  
  49  4:27  Roach x2  
  53  4:35  Spore Crawler x2  
  53  4:36  Spore Crawler  
  50  4:43  Spore Crawler  
  49  4:51  Drone x3  
  49  4:52  Drone x3  
  55  5:01  Drone x4  
  55  5:06  Drone x2  
  61  5:07  Drone  
  61  5:09  Drone  
  63  5:22  Ravager x2  
  63  5:23  Ravager x2  
  63  5:26  Roach x2  
  71  5:46  Lair  
  71  5:49  Roach  
  73  5:50  Roach  
  75  6:11  Drone x2, Extractor  
  75  6:12  Drone  
  75  6:13  Drone x2  
  75  6:16  Ravager  
  80  6:19  Drone, Extractor  
  80  6:20  Drone x2  
  80  6:21  Overlord  
  80  6:22  Overlord x5  
  79  6:45  Roach  
  79  6:46  Roach x9  
  97  6:56  Zerg Missile Weapons Level 1  
  97  7:00  Drone  
  98  7:06  Drone x6, Extractor  
  98  7:07  Drone x4  
  107  7:08  Extractor  
  104  7:23  Ravager  
  104  7:24  Drone x3, Ravager  
  104  7:25  Drone x2  
  111  7:36  Roach x6  
  116  7:44  Roach  
  116  7:45  Roach x3  
  122  8:01  Ravager x2  
  122  8:02  Ravager x2  
  88  8:13  Roach  
  88  8:14  Roach x11  
  97  8:30  Roach  
  97  8:31  Roach x3  
  101  8:38  Roach x3  
  93  8:46  Roach x2  
  80  9:01  Ravager  
  80  9:02  Ravager x3  
  80  9:06  Roach x3  
  86  9:12  Roach  
  86  9:13  Roach  
  90  9:19  Glial Reconstitution  
  90  9:22  Roach  
  90  9:23  Roach  
  82  9:43  Roach x8  
  81  9:56  Roach x2  
  83  10:01  Hatchery  
  82  10:16  Ravager x5  
  87  10:32  Ravager x2  
  82  10:41  Drone  
  82  10:42  Drone x2  
  85  10:45  Drone x3, Extractor  
  87  10:52  Queen  
  91  10:57  Roach x8  
  105  11:17  Ravager  
  106  11:26  Hatchery  
  105  11:35  Extractor  
  99  11:42  Ravager x3  
  99  11:43  Roach x5, Ravager x2  
  99  11:44  Roach  
Tags
 
Add a new tag
Caveats
  • Supply blocks, unpowered buildings, or Contaminate may cause inaccurate times.
  • Supply counts are checked every 10 seconds.